Map: Cyber Forest LE

Players

CuddleBunny

  • Race: Zerg Zerg
  • League: Diamond
  • Spawn Location: 5:00

natuxai - Winner!

  • Race: Terran Terran
  • League: Diamond
  • Spawn Location: 11:00

VOD

Have the link to the VOD?

Description

Macro game (?) loss at 20 minutes.

Time

  • Played on: March 22, 2019, 12:01 p.m.
  • Length: 19:47
Show
View Real Time Build Order
Export as new Build Order

CuddleBunny Zerg 

Build Orders: Hatch First, Muta Ling Bane 

Get SALT Encoding   

  12  0:03  Drone  
  13  0:12  Overlord  
  13  0:17  Drone  
  14  0:30  Drone x2  
  16  0:50  Hatchery  
  16  0:55  Drone  
  16  0:56  Drone  
  17  1:00  Drone  
  18  1:10  Extractor  
  17  1:16  Spawning Pool  
  16  1:18  Drone  
  16  1:22  Drone  
  18  1:29  Drone  
  19  1:40  Overlord  
  19  1:53  Drone  
  20  2:03  Queen x2  
  20  2:04  Zergling x2  
  20  2:05  Zergling x2  
  26  2:12  Drone  
  27  2:20  Metabolic Boost  
  27  2:22  Drone  
  28  2:30  Drone  
  28  2:31  Drone  
  28  2:34  Overlord  
  30  3:00  Drone x5  
  30  3:01  Queen  
  37  3:05  Baneling Nest  
  37  3:07  Drone  
  37  3:16  Roach Warren  
  36  3:23  Drone x6  
  42  3:40  Extractor  
  42  3:41  Extractor  
  40  3:51  Baneling x2  
  40  3:52  Hatchery  
  40  3:54  Drone  
  40  3:55  Drone x2  
  42  3:56  Drone x2  
  42  3:58  Overlord x2  
  38  4:27  Drone x10  
  48  4:36  Lair  
  48  4:48  Evolution Chamber  
  48  4:49  Drone x2, Evolution Chamber  
  48  4:54  Queen  
  48  4:55  Hatchery  
  48  4:56  Spore Crawler  
  48  5:00  Drone  
  48  5:01  Spore Crawler  
  48  5:02  Drone  
  48  5:04  Drone  
  48  5:06  Drone  
  51  5:13  Overlord  
  48  5:34  Spore Crawler  
  47  5:36  Roach x2  
  51  5:44  Zerg Ground Armor Level 1, Glial Reconstitution, Zerg Missile Weapons Level 1  
  51  5:46  Roach  
  51  5:47  Roach x4  
  61  5:54  Queen  
  63  6:02  Overseer  
  63  6:06  Pneumatized Carapace  
  63  6:15  Extractor  
  62  6:18  Queen  
  64  6:34  Drone x6  
  64  6:35  Drone x10  
  80  6:54  Overlord  
  80  6:55  Overlord  
  80  7:05  Hatchery  
  80  7:06  Centrifical Hooks  
  80  7:07  Spire, Zergling x2  
  80  7:08  Zergling x2  
  80  7:18  Extractor  
  80  7:19  Extractor  
  80  7:22  Overlord x3  
  78  7:33  Drone x3  
  78  7:34  Drone x3  
  78  7:36  Drone  
  78  7:37  Drone x8  
  91  7:39  Overlord  
  93  7:55  Zerg Melee Weapons Level 1, Zerg Missile Weapons Level 2  
  92  8:02  Zergling x2  
  92  8:03  Zergling x24  
  103  8:24  Overseer  
  103  8:33  Drone x6  
  103  8:34  Overlord x5  
  109  8:38  Extractor x2  
  109  8:39  Zerg Flyer Weapons Level 1  
  109  8:40  Queen  
  109  8:44  Mutalisk  
  109  8:45  Mutalisk x5  
  109  8:47  Mutalisk  
  123  9:07  Drone x3  
  123  9:08  Drone, Overlord  
  123  9:09  Overlord  
  127  9:12  Mutalisk x7  
  141  9:24  Infestation Pit  
  140  9:28  Mutalisk x2  
  144  9:32  Roach x3  
  150  9:39  Hydralisk Den  
  124  10:03  Drone x4  
  124  10:08  Mutalisk x6  
  136  10:17  Hive  
  134  10:35  Roach x14  
  154  11:00  Spore Crawler  
  154  11:03  Drone x6  
  159  11:04  Spore Crawler  
  159  11:05  Drone, Spore Crawler  
  159  11:06  Drone x3  
  161  11:11  Hydralisk x8  
  161  11:17  Spore Crawler  
  161  11:18  Spore Crawler  
  175  11:39  Hydralisk x3  
  181  11:50  Zergling x2  
  181  11:51  Zergling x30  
  181  11:52  Zergling x2  
  159  11:58  Zerg Ground Armor Level 2  
  136  12:15  Baneling x4  
  136  12:16  Baneling x14  
  136  12:17  Roach x8  
  136  12:18  Roach x3  
  158  12:23  Hatchery  
  157  12:31  Greater Spire  
  140  13:03  Hydralisk x13  
  134  13:21  Mutalisk  
  134  13:22  Mutalisk x4  
  130  13:41  Roach x11  
  140  13:42  Roach, Hatchery  
  151  13:53  Hatchery  
  150  13:58  Overseer, Hatchery  
  149  14:13  Zerg Flyer Weapons Level 2  
  149  14:16  Mutalisk x3  
  149  14:17  Mutalisk  
  139  14:25  Grooved Spines  
  137  14:43  Extractor  
  136  14:54  Drone x11  
  136  14:55  Drone x13  
  160  15:08  Ultralisk Cavern  
  157  15:23  Zergling x12  
  157  15:24  Zergling x2  
  160  15:32  Zerg Melee Weapons Level 2  
  158  15:38  Spine Crawler x2  
  158  15:39  Spine Crawler  
  158  15:40  Spine Crawler  
  154  15:45  Baneling x14  
  154  15:49  Hydralisk x5  
  160  15:51  Overlord  
  116  16:28  Extractor  
  116  16:29  Extractor, Zerg Flyer Armor Level 1, Ultralisk x4  
  138  16:40  Drone  
  138  16:41  Drone  
  138  16:42  Drone x2  
  142  17:00  Queen  
  144  17:01  Spine Crawler  
  144  17:02  Spine Crawler  
  144  17:04  Spine Crawler  
  144  17:08  Hatchery  
  140  17:14  Zergling x24  
  140  17:15  Zergling x2  
  133  17:25  Muscular Augments  
  133  17:26  Chitinous Plating  
  133  17:32  Roach x5  
  143  17:43  Mutalisk x4  
  133  17:53  Drone x7  
  140  18:23  Spine Crawler  
  133  18:48  Spine Crawler, Spore Crawler  
  128  18:49  Drone x8, Spine Crawler, Spore Crawler  
  128  18:51  Spine Crawler  
  118  19:08  Hydralisk  
  118  19:09  Hydralisk x10  
  120  19:17  Zergling x4  
  120  19:18  Zergling x2  
Show
View Real Time Build Order
Export as new Build Order

natuxai Terran - Winner!

Build Orders: Reaper Expand, Banshee Rush 

Get SALT Encoding   

  12  0:01  SCV  
  13  0:13  SCV  
  14  0:17  Supply Depot  
  14  0:25  SCV  
  15  0:37  Refinery  
  15  0:38  SCV  
  16  0:45  Barracks  
  16  0:51  SCV  
  17  1:03  SCV  
  18  1:15  SCV  
  19  1:32  Reaper, Orbital Command  
  20  1:43  Command Center  
  20  1:57  Factory  
  20  1:59  SCV  
  21  2:13  Supply Depot  
  21  2:14  Barracks Reactor  
  21  2:16  SCV  
  21  2:19  Refinery  
  22  2:28  SCV  
  23  2:40  SCV  
  24  2:52  SCV, Starport  
  24  2:57  Orbital Command  
  25  3:03  Barracks Tech Lab  
  25  3:04  SCV, Hellion x2  
  30  3:16  SCV  
  31  3:25  Hellion x2  
  35  3:32  SCV x2  
  37  3:39  Barracks Tech Lab  
  36  3:43  Cloaking Field  
  36  3:44  Banshee  
  36  3:47  SCV  
  40  3:53  Supply Depot  
  40  4:07  SCV x2  
  42  4:14  Bunker  
  36  4:24  Marine x2  
  36  4:26  Siege Tank  
  39  4:34  Supply Depot  
  39  4:41  Banshee  
  39  4:45  Supply Depot x2, Marine x2  
  44  4:59  SCV x2  
  46  5:01  Refinery  
  46  5:03  Marine x2  
  46  5:04  Siege Tank, Engineering Bay  
  51  5:07  Refinery  
  51  5:14  SCV  
  51  5:15  SCV  
  53  5:22  Barracks, Marine x2  
  53  5:23  Command Center  
  53  5:24  Barracks  
  55  5:31  SCV x2  
  55  5:33  Terran Infantry Weapons Level 1  
  57  5:36  Supply Depot  
  57  5:47  Siege Tank  
  60  6:05  SCV x2  
  60  6:10  Supply Depot, Starport Reactor  
  60  6:11  Supply Depot  
  62  6:17  SCV  
  63  6:19  Marine  
  63  6:21  Siege Tank  
  67  6:29  Barracks Reactor  
  67  6:32  Barracks Reactor  
  64  6:34  Missile Turret  
  64  6:35  Missile Turret  
  64  6:37  Marine  
  64  6:38  Supply Depot  
  65  6:41  Stimpack, Supply Depot  
  65  6:47  SCV x2, Barracks  
  65  6:48  Barracks  
  65  6:52  Orbital Command  
  67  6:55  Marine  
  67  6:59  SCV  
  69  7:13  Marine  
  69  7:15  Marine x2  
  70  7:16  Marine x2  
  70  7:17  Viking x2  
  70  7:18  SCV  
  79  7:26  Siege Tank  
  79  7:27  Terran Infantry Armor Level 1  
  82  7:30  Marine  
  82  7:35  Marine x2  
  82  7:36  Marine x2  
  87  7:37  Barracks Reactor  
  87  7:45  SCV x2  
  87  7:48  Marine  
  87  7:50  Orbital Command  
  90  7:51  Supply Depot  
  90  7:53  Supply Depot, Marine x2  
  90  7:57  SCV x2  
  94  8:01  Armory, Missile Turret  
  94  8:02  Engineering Bay  
  93  8:06  Marine x2  
  93  8:07  Marine x3  
  93  8:09  Medivac x2  
  93  8:11  Marine  
  103  8:17  Supply Depot  
  103  8:22  Marine x3  
  103  8:24  Marine x3  
  103  8:25  Marine x2  
  109  8:27  Barracks, Liberator  
  109  8:28  Factory Reactor  
  109  8:37  Marine  
  109  8:39  SCV x2  
  109  8:40  Marine x3  
  115  8:42  Marine  
  115  8:44  Refinery  
  115  8:45  Refinery  
  119  8:55  Combat Shield  
  119  8:57  Marine  
  119  8:58  Marine x2  
  119  9:01  SCV  
  119  9:02  SCV  
  124  9:07  Supply Depot  
  124  9:08  Supply Depot, Marine  
  125  9:10  Widow Mine x2  
  125  9:11  Marine  
  125  9:12  Marauder, Marine  
  133  9:22  Marine  
  133  9:23  Marine x2  
  136  9:28  SCV x2  
  138  9:32  Supply Depot  
  138  9:33  Marauder  
  138  9:37  Marine x3  
  143  9:39  Widow Mine x2  
  147  9:52  Marine x2  
  147  9:53  Marine x3  
  147  9:55  Marauder, Marine x3  
  146  10:01  Terran Infantry Weapons Level 2  
  146  10:04  Terran Vehicle Weapons Level 1  
  141  10:07  Missile Turret  
  141  10:10  Marine x3  
  140  10:15  Missile Turret  
  140  10:16  Marauder  
  140  10:18  Missile Turret  
  142  10:30  Marine x5  
  142  10:31  Marine  
  142  10:33  Marine  
  147  10:37  Marauder  
  147  10:41  Command Center  
  149  10:45  SCV x2  
  149  10:48  SCV  
  152  10:52  Marine x2  
  152  10:53  Marine x4  
  158  10:57  SCV x2  
  158  10:59  Marauder  
  162  11:09  Widow Mine, Medivac x2  
  162  11:11  Widow Mine  
  170  11:18  Marine x4  
  171  11:20  Marauder  
  176  11:26  Marine  
  176  11:27  Marine x2  
  176  11:30  Widow Mine  
  178  11:36  Command Center  
  178  11:41  Marauder  
  146  12:02  Marine x4  
  146  12:03  Marauder, Marine x4  
  146  12:05  Widow Mine x2  
  146  12:06  Medivac x2  
  163  12:20  Marine x5, Terran Infantry Weapons Level 3  
  163  12:21  Marine x2  
  170  12:24  Marauder, Marine  
  173  12:36  Medivac  
  175  12:38  Marine x2  
  175  12:39  SCV x2  
  175  12:40  SCV  
  179  12:46  Marauder  
  162  12:51  SCV  
  162  12:53  Marine x3  
  162  12:58  Planetary Fortress  
  154  13:07  Marauder  
  154  13:11  Marine x2  
  132  13:20  Marine x3  
  132  13:21  Marine x3  
  132  13:22  Concussive Shells  
  132  13:23  Medivac x2  
  132  13:27  Widow Mine x2  
  126  13:28  Marauder, Marine  
  126  13:29  SCV x3, Marine  
  133  13:38  Marine x4  
  133  13:40  Liberator x2  
  137  13:41  SCV x2  
  137  13:45  Marine x2  
  137  13:48  Missile Turret  
  139  13:49  Missile Turret, Refinery  
  139  13:50  Marauder, Refinery  
  139  13:54  Marine  
  139  13:55  Marine  
  143  13:56  Widow Mine x2, Marine  
  154  14:09  Missile Turret  
  154  14:10  Missile Turret  
  154  14:11  Marauder  
  154  14:13  Marine x4  
  152  14:23  Marine x2  
  151  14:25  SCV x4  
  155  14:32  Liberator  
  155  14:33  Marauder, Marine  
  155  14:34  Marine  
  155  14:35  Widow Mine x2  
  163  14:46  Supply Depot  
  163  14:47  Marine x6  
  163  14:48  Supply Depot, Command Center  
  163  14:49  Supply Depot  
  163  14:50  Supply Depot  
  172  14:54  Marauder  
  172  14:56  Terran Infantry Armor Level 2  
  174  15:04  Command Center  
  174  15:12  Marine x5  
  174  15:13  Marine x3  
  182  15:15  Widow Mine x2, Marauder  
  185  15:30  Marine  
  185  15:34  Marine x3  
  188  15:37  Marauder  
  188  15:53  Marine  
  188  15:54  Marine x4  
  188  15:56  SCV x2  
  195  15:57  Marine x2  
  195  15:58  Marauder  
  133  16:18  Marine x2  
  133  16:19  Marauder, Marine  
  124  16:26  Liberator x2  
  124  16:28  Refinery x2  
  124  16:35  Command Center, SCV x2  
  124  16:36  Marine x2  
  128  16:41  Marauder, Marine x2  
  128  16:42  Marine x3  
  141  16:49  Marine  
  141  16:54  Marine x2  
  143  16:59  Marine x3  
  143  17:00  Widow Mine x2  
  151  17:02  Marauder  
  153  17:10  Orbital Command  
  146  17:24  Marauder, Marine x5  
  146  17:25  Marine x3  
  153  17:30  Medivac x2  
  156  17:42  Marine x4  
  152  17:45  Marauder  
  152  17:47  Marine x3  
  151  17:51  Marine  
  151  17:53  Widow Mine x2  
  156  17:59  Marine  
  156  18:00  Marine x3, Medivac x2  
  156  18:05  Marine  
  165  18:06  Marauder  
  165  18:10  Marine  
  165  18:11  Marine x2  
  170  18:15  Fusion Core  
  170  18:17  Marine x2  
  170  18:18  Marine  
  171  18:28  Marauder  
  170  18:37  Marine x2  
  170  18:38  Marine x5  
  170  18:39  Marine  
  170  18:40  SCV x4  
  177  18:49  Marauder  
  177  18:52  SCV x3  
  177  18:55  Marine x3  
  182  19:01  Marine x2  
  182  19:02  Marine  
  176  19:07  Marine x2  
  176  19:09  Widow Mine x2  
  174  19:11  Marauder  
  174  19:13  Marine x2  
  174  19:16  Marine  
  174  19:19  Marine x3  
  177  19:25  Marine x2  
Tags
 
Add a new tag
Caveats
  • Supply blocks, unpowered buildings, or Contaminate may cause inaccurate times.
  • Supply counts are checked every 10 seconds.